Description

5:15 archon drop into CIA

Replay - Elazer v puCK: Game 1 - Dreamcatcher LE

Build Order

Get SALT Encoding   

  12  0:00  Probe  
  13  0:12  Probe  
  14  0:18  Pylon  
  14  0:24  Probe  
  14  0:27  Assimilator  
  15  0:37  Probe  
  16  0:45  Gateway, Probe  
  17  0:53  Probe  
  17  1:03  Probe  
  19  1:15  Probe  
  20  1:27  Nexus  
  20  1:36  Cybernetics Core  
  20  1:40  Probe  
  20  1:46  Assimilator  
  21  1:52  Probe  
  22  1:55  Pylon  
  22  2:05  Adept  
  23  2:15  Stargate  
  25  2:21  Warp Gate  
  27  2:34  Adept  
  31  2:50  Oracle  
  40  3:13  Assimilator x2  
  40  3:19  Pylon  
  42  3:28  Robotics Facility  
  42  3:31  Phoenix  
  47  3:48  Twilight Council  
  52  4:09  Warp Prism  
  52  4:14  Gateway x3  
  54  4:29  Templar Archives  
  54  4:33  Pylon  
  54  4:46  Pylon  
  54  4:52  Nexus  
  56  5:03  Immortal  
  56  5:11  High Templar x4  
  69  5:16  Archon x2  
  70  5:26  Shield Battery  
  70  5:28  Charge  
  70  5:33  Immortal  
  70  5:35  Gateway  
  72  6:01  Gateway x2  
  72  6:03  Immortal  
  73  6:04  Zealot  
  77  6:13  High Templar x2  
  85  6:22  Archon  
  85  6:24  Shield Battery  
  92  6:33  Assimilator x2  
  92  6:38  Psionic Storm  
  88  6:44  Immortal  
  95  6:52  Gateway  
  101  7:08  Zealot x4  
  109  7:25  Forge  
  109  7:36  High Templar x4  
  117  7:39  Sentry x2  
  121  7:44  Immortal  
  121  7:47  Shield Battery x2  
  122  7:56  Zealot  
  120  8:08  Zealot x4  
  112  8:18  Archon  
Spawning Tool Build Advisor. Get it on Overwolf

Go to:

Details

  • Created by: mestaman
  • Published on: Jun 26, 2018
  • Modified on: Jun 26, 2018
  • Patch: 4.0.0
Show
View Real Time Build Order
Export as new Build Order

Comments (0)

There are no comments. Be the first!

Create an account to comment!